General information
- name: BNet
- type: Ladder team game (AT/RT)
- host: Battle.net
- saver: LINGUASVENSKA
map: TwilightRuins
- players: 8
- length: 40:52
- speed: Fast
- version: 1.26 W3XP
- replay type: Public
» download(282 KB)
Players
team 1 (winner)

»
cavewars (
green | 35 APM | 795 actions | 22:57)
3 Warden
2 Shadow Strike
1 Fan of Knives
» actions
| Build / train | 63 | |
| Enter build submenu | 25 | |
| Enter hero's abilities submenu | 3 | |
| Give item / drop item | 3 | |
| Right click | 411 | |
| Select / deselect | 238 | |
| Use ability | 52 | |
795 total
» units
| Wisp | 22 | |
| Archer | 10 | |
| Hippogryph | 8 | |
| Chimaera | 1 | |
41 total
» upgrades
| Ultravision | 1 | |
| Moon Armor | 3 | |
| Strength of the Moon | 2 | |
| Strength of the Wild | 2 | |
| Reinforced Hides | 3 | |
| Nature's Blessing | 1 | |
| Improved Bows | 1 | |
| Hippogryph Taming | 1 | |
| Backpack | 1 | |
| Marksmanship | 1 | |
16 total
» buildings
| Moon Well | 6 | |
| Altar of Elders | 1 | |
| Ancient of War | 3 | |
| Ancient of Wonders | 1 | |
| Hunter's Hall | 1 | |
| Tree of Ages | 1 | |
| Ancient Protector | 9 | |
| Ancient of Wind | 1 | |
| Tree of Eternity | 1 | |
24 total
» build order
00:16 Moon Well
00:19 Altar of Elders
00:53 Ancient of War
01:14 Ancient of War
01:26 Ancient of Wonders
01:47 Moon Well
02:10 Ancient of War
02:33 Moon Well
03:15 Hunter's Hall
03:36 Moon Well
04:22 Tree of Ages
04:58 Ancient Protector
05:03 Ancient Protector
05:37 Moon Well
06:01 Ancient Protector
08:13 Moon Well
08:17 Ancient of Wind
08:56 Tree of Eternity
09:17 Ancient Protector
10:01 Ancient Protector
11:19 Ancient Protector
12:22 Ancient Protector
13:23 Ancient Protector
14:25 Ancient Protector
blackenedtheend (
yellow | 43 APM | 711 actions | 16:39)
4 Demon Hunter
2 Immolation
1 Evasion
1 Mana Burn
» actions
| Assign group hotkey | 9 | |
| Build / train | 47 | |
| Enter build submenu | 24 | |
| Enter hero's abilities submenu | 4 | |
| Remove unit from queue | 2 | |
| Right click | 215 | |
| Select / deselect | 165 | |
| Select group hotkey | 201 | |
| Use ability | 44 | |
711 total
» units
| Wisp | 24 | |
| Archer | 6 | |
| Chimaera | 4 | |
| Goblin Shredder | 1 | |
| Hippogryph | 1 | |
36 total
» upgrades
| Corrosive Breath | 1 | |
| Strength of the Wild | 1 | |
2 total
» buildings
| Altar of Elders | 1 | |
| Moon Well | 6 | |
| Ancient of War | 1 | |
| Tree of Ages | 1 | |
| Hunter's Hall | 1 | |
| Ancient of Wonders | 1 | |
| Tree of Eternity | 1 | |
| Ancient of Wind | 1 | |
| Tree of Life | 2 | |
| Chimaera Roost | 3 | |
| Ancient Protector | 5 | |
23 total
» build order
00:07 Altar of Elders
00:21 Moon Well
01:47 Ancient of War
02:08 Moon Well
02:54 Tree of Ages
03:06 Hunter's Hall
03:16 Moon Well
03:25 Moon Well
04:08 Ancient of Wonders
04:50 Moon Well
05:19 Tree of Eternity
05:34 Ancient of Wind
06:31 Tree of Life
07:50 Chimaera Roost
07:52 Chimaera Roost
07:54 Chimaera Roost
10:23 Ancient Protector
10:25 Ancient Protector
12:18 Tree of Life
12:25 Moon Well
12:41 Ancient Protector
13:13 Ancient Protector
13:33 Ancient Protector
» items

»
vvcx (
blue | 33 APM | 904 actions | 27:17)
6 Archmage
3 Summon Water Elemental
2 Brilliance Aura
1 Mass Teleport
4 Paladin
2 Holy Light
2 Divine Shield
» actions
| Basic commands | 6 | |
| Build / train | 72 | |
| Enter build submenu | 21 | |
| Enter hero's abilities submenu | 10 | |
| Give item / drop item | 2 | |
| Right click | 348 | |
| Select / deselect | 363 | |
| Use ability | 82 | |
904 total
» units
| Peasant | 13 | |
| Footman | 7 | |
| Giant Sea Turtle | 2 | |
| Makrura Snapper | 1 | |
| Mortar Team | 3 | |
| Priest | 2 | |
| Sorceress | 4 | |
| Knight | 2 | |
| Makrura Deepseer | 1 | |
| Siege Engine | 6 | |
41 total
» upgrades
| Lumber Harvesting | 1 | |
| Priest Training | 2 | |
| Swords | 1 | |
| Sorceress Training | 2 | |
| Plating | 2 | |
| Barrage | 1 | |
| Gunpowder | 2 | |
11 total
» buildings
| Farm | 8 | |
| Barracks | 1 | |
| Altar of Kings | 1 | |
| Keep | 1 | |
| Lumber Mill | 1 | |
| Blacksmith | 1 | |
| Arcane Sanctum | 2 | |
| Workshop | 2 | |
| Town Hall | 2 | |
| Castle | 1 | |
| Tree of Life | 1 | |
21 total
» build order
00:07 Farm
00:19 Barracks
00:46 Altar of Kings
01:22 Farm
01:51 Farm
02:30 Farm
03:09 Keep
03:48 Lumber Mill
04:18 Farm
04:59 Blacksmith
05:37 Farm
05:42 Arcane Sanctum
06:17 Workshop
06:44 Arcane Sanctum
07:16 Town Hall
08:05 Farm
08:43 Castle
08:46 Farm
14:05 Workshop
19:56 Town Hall
23:28 Tree of Life
» items
| Scroll of Town Portal | 3 | |
| Potion of Lesser Invulnerability | 1 | |
| Staff of Teleportation | 1 | |
| Scroll of Regeneration | 1 | |
6 total
LINGUASVENSKA (
purple | 94 APM | 3824 actions | 40:52)
8 Blood Mage
3 Flame Strike
3 Siphon Mana
1 Summon Phoenix
1 Banish
» actions
| Assign group hotkey | 49 | |
| Basic commands | 56 | |
| Build / train | 241 | |
| ESC pressed | 19 | |
| Enter build submenu | 93 | |
| Enter hero's abilities submenu | 8 | |
| Give item / drop item | 9 | |
| Right click | 1823 | |
| Select / deselect | 675 | |
| Select group hotkey | 651 | |
| Use ability | 200 | |
3824 total
» units
| Peasant | 67 | |
| Footman | 19 | |
| Goblin Shredder | 3 | |
| Goblin Zeppelin | 5 | |
| Sorceress | 2 | |
| Gryphon Rider | 4 | |
| Knight | 6 | |
| Dragonhawk Rider | 2 | |
| Mortar Team | 3 | |
| Siege Engine | 1 | |
112 total
» upgrades
| Masonry | 3 | |
| Defend | 1 | |
| Lumber Harvesting | 2 | |
| Swords | 4 | |
| Armor | 3 | |
| Storm Hammers | 1 | |
| Cloud | 1 | |
| Sorceress Training | 2 | |
| Magic Sentry | 1 | |
| Animal War Training | 1 | |
| Backpack | 1 | |
| Barrage | 3 | |
23 total
» buildings
| Altar of Kings | 2 | |
| Barracks | 1 | |
| Farm | 14 | |
| Arcane Vault | 2 | |
| Lumber Mill | 3 | |
| Town Hall | 4 | |
| Scout Tower | 46 | |
| Arcane Tower | 10 | |
| Guard Tower | 44 | |
| Keep | 5 | |
| Castle | 2 | |
| Gryphon Aviary | 4 | |
| Blacksmith | 2 | |
| Arcane Sanctum | 2 | |
| Workshop | 3 | |
144 total
» build order
00:06 Altar of Kings
00:09 Barracks
00:20 Farm
00:57 Farm
01:37 Farm
01:55 Arcane Vault
02:18 Farm
03:24 Lumber Mill
03:44 Town Hall
04:05 Scout Tower
04:40 Scout Tower
04:43 Scout Tower
04:47 Scout Tower
05:02 Arcane Tower
05:02 Arcane Tower
05:06 Arcane Tower
05:21 Guard Tower
05:28 Guard Tower
05:28 Guard Tower
05:28 Guard Tower
06:01 Keep
06:01 Keep
06:23 Farm
07:37 Scout Tower
07:38 Scout Tower
08:08 Scout Tower
08:11 Scout Tower
08:12 Scout Tower
08:22 Scout Tower
08:27 Guard Tower
08:32 Castle
08:32 Castle
08:40 Farm
08:42 Farm
08:45 Guard Tower
08:45 Guard Tower
08:46 Guard Tower
08:49 Guard Tower
09:45 Gryphon Aviary
09:46 Gryphon Aviary
09:49 Blacksmith
09:56 Scout Tower
10:17 Scout Tower
10:18 Scout Tower
10:20 Scout Tower
10:25 Guard Tower
10:25 Guard Tower
10:44 Scout Tower
11:00 Guard Tower
11:00 Guard Tower
11:06 Gryphon Aviary
11:07 Gryphon Aviary
11:59 Arcane Sanctum
12:06 Scout Tower
12:07 Scout Tower
12:08 Scout Tower
12:09 Scout Tower
12:18 Lumber Mill
12:44 Guard Tower
12:44 Guard Tower
12:56 Guard Tower
13:09 Guard Tower
13:38 Scout Tower
13:39 Scout Tower
13:39 Scout Tower
14:00 Scout Tower
14:00 Scout Tower
14:39 Guard Tower
14:46 Guard Tower
14:50 Farm
14:53 Farm
14:54 Farm
14:58 Farm
17:11 Scout Tower
17:11 Scout Tower
18:31 Guard Tower
18:32 Guard Tower
18:47 Arcane Sanctum
18:49 Workshop
18:50 Workshop
21:31 Workshop
21:50 Town Hall
22:42 Scout Tower
22:44 Scout Tower
22:45 Scout Tower
22:49 Scout Tower
23:22 Guard Tower
23:23 Guard Tower
23:23 Guard Tower
23:24 Guard Tower
23:43 Farm
23:46 Farm
23:48 Farm
25:53 Town Hall
28:28 Town Hall
28:30 Scout Tower
28:31 Scout Tower
28:32 Scout Tower
29:04 Guard Tower
29:04 Guard Tower
31:45 Keep
31:46 Keep
31:48 Scout Tower
31:52 Scout Tower
31:56 Scout Tower
32:04 Scout Tower
32:12 Scout Tower
32:17 Scout Tower
32:22 Lumber Mill
32:49 Arcane Tower
32:59 Arcane Tower
33:18 Guard Tower
33:28 Guard Tower
33:28 Guard Tower
33:44 Blacksmith
34:29 Arcane Vault
34:31 Scout Tower
34:35 Scout Tower
34:37 Scout Tower
34:41 Scout Tower
35:03 Guard Tower
35:05 Guard Tower
35:14 Guard Tower
35:44 Guard Tower
36:41 Altar of Kings
37:13 Scout Tower
37:17 Scout Tower
38:00 Guard Tower
38:00 Arcane Tower
39:32 Guard Tower
39:32 Guard Tower
39:46 Arcane Tower
39:46 Arcane Tower
» items
| Scroll of Regeneration | 10 | |
| Lesser Clarity Potion | 4 | |
| Periapt of Vitality | 1 | |
| Sentry Wards | 1 | |
| Claws of Attack +6 | 1 | |
| Boots of Speed | 1 | |
| Staff of Teleportation | 1 | |
| Potion of Invisibility | 3 | |
| Scroll of Town Portal | 4 | |
| Potion of Healing | 1 | |
| Potion of Lesser Invulnerability | 1 | |
28 total
team 2 (loser)

»
LoRdOfHeNtAi (
pink | 75 APM | 3074 actions | 40:52)
7 Blademaster
3 Wind Walk
3 Critical Strike
1 Bladestorm
5 Shadow Hunter
2 Hex
3 Healing Wave
» actions
| Assign group hotkey | 45 | |
| Basic commands | 411 | |
| Build / train | 110 | |
| ESC pressed | 13 | |
| Enter build submenu | 22 | |
| Enter hero's abilities submenu | 12 | |
| Give item / drop item | 5 | |
| Right click | 861 | |
| Select / deselect | 501 | |
| Select group hotkey | 951 | |
| Use ability | 143 | |
3074 total
» units
| Peon | 24 | |
| Grunt | 4 | |
| Troll Witch Doctor | 12 | |
| Shaman | 6 | |
| Tauren | 13 | |
| Wind Rider | 7 | |
| Raider | 1 | |
67 total
» upgrades
| Shaman Training | 2 | |
| Witch Doctor Training | 2 | |
| Melee Weapons | 2 | |
| Armor | 3 | |
| Pulverize | 1 | |
| Ranged Weapons | 1 | |
| Envenomed Spears | 1 | |
12 total
» buildings
| Altar of Storms | 1 | |
| Orc Burrow | 8 | |
| Barracks | 1 | |
| Voodoo Lounge | 1 | |
| Stronghold | 1 | |
| Great Hall | 2 | |
| War Mill | 1 | |
| Spirit Lodge | 2 | |
| Fortress | 2 | |
| Tauren Totem | 2 | |
| Beastiary | 2 | |
23 total
» build order
00:16 Altar of Storms
00:29 Orc Burrow
00:44 Barracks
01:42 Orc Burrow
01:55 Voodoo Lounge
02:54 Stronghold
04:00 Orc Burrow
04:21 Great Hall
04:57 War Mill
05:53 Spirit Lodge
06:11 Spirit Lodge
07:00 Fortress
07:01 Fortress
09:23 Orc Burrow
09:26 Tauren Totem
09:27 Tauren Totem
12:02 Orc Burrow
12:08 Orc Burrow
12:13 Orc Burrow
16:55 Orc Burrow
29:31 Great Hall
32:24 Beastiary
32:30 Beastiary
» items
| Healing Salve | 3 | |
| Lesser Clarity Potion | 4 | |
| Boots of Speed | 1 | |
| Circlet of Nobility | 1 | |
| Orb of Lightning | 1 | |
| Scroll of Town Portal | 2 | |
| Scroll of Regeneration | 1 | |
| Potion of Healing | 1 | |
14 total
oneclock (
orange | 95 APM | 3902 actions | 40:52)
5 Archmage
3 Summon Water Elemental
2 Brilliance Aura
4 Paladin
2 Holy Light
2 Divine Shield
» actions
| Assign group hotkey | 220 | |
| Basic commands | 251 | |
| Build / train | 130 | |
| ESC pressed | 15 | |
| Enter build submenu | 42 | |
| Enter hero's abilities submenu | 9 | |
| Give item / drop item | 1 | |
| Right click | 1346 | |
| Select / deselect | 552 | |
| Select group hotkey | 1194 | |
| Use ability | 142 | |
3902 total
» units
| Peasant | 29 | |
| Footman | 14 | |
| Mortar Team | 6 | |
| Siege Engine | 13 | |
62 total
» upgrades
| Lumber Harvesting | 2 | |
| Masonry | 2 | |
| Defend | 1 | |
| Flare | 1 | |
| Barrage | 1 | |
| Fragmentation Shards | 1 | |
| Gunpowder | 3 | |
| Plating | 3 | |
14 total
» buildings
| Altar of Kings | 1 | |
| Farm | 15 | |
| Barracks | 1 | |
| Scout Tower | 15 | |
| Arcane Tower | 3 | |
| Arcane Vault | 1 | |
| Town Hall | 2 | |
| Keep | 1 | |
| Lumber Mill | 1 | |
| Blacksmith | 2 | |
| Guard Tower | 13 | |
| Castle | 1 | |
| Workshop | 3 | |
59 total
» build order
00:05 Altar of Kings
00:09 Farm
00:33 Barracks
01:00 Farm
01:34 Scout Tower
01:55 Farm
02:08 Arcane Tower
03:06 Arcane Vault
04:16 Town Hall
04:55 Farm
05:45 Scout Tower
06:12 Farm
06:17 Arcane Tower
06:26 Keep
07:58 Scout Tower
08:00 Scout Tower
08:02 Scout Tower
08:04 Lumber Mill
08:14 Scout Tower
08:15 Scout Tower
08:17 Scout Tower
08:20 Scout Tower
08:29 Blacksmith
08:30 Guard Tower
08:34 Scout Tower
08:40 Guard Tower
08:44 Guard Tower
08:44 Guard Tower
08:44 Guard Tower
08:48 Guard Tower
08:50 Farm
08:53 Farm
08:56 Farm
09:00 Farm
09:06 Guard Tower
09:33 Scout Tower
10:20 Castle
10:56 Workshop
10:58 Workshop
11:02 Workshop
11:54 Arcane Tower
11:56 Guard Tower
11:56 Guard Tower
12:23 Farm
14:49 Farm
17:52 Blacksmith
21:53 Farm
21:55 Farm
21:58 Farm
22:00 Farm
25:56 Town Hall
26:02 Scout Tower
26:07 Scout Tower
26:09 Scout Tower
26:13 Scout Tower
26:52 Guard Tower
» items
| Circlet of Nobility | 2 | |
| Scroll of Regeneration | 6 | |
| Scroll of Town Portal | 3 | |
| Potion of Lesser Invulnerability | 2 | |
13 total
EmperorProint (
red | 61 APM | 2510 actions | 40:52)
8 Blademaster
3 Wind Walk
3 Critical Strike
1 Bladestorm
1 Mirror Image
7 Tauren Chieftain
3 War Stomp
3 Endurance Aura
1 Reincarnation
» actions
| Assign group hotkey | 42 | |
| Basic commands | 69 | |
| Build / train | 70 | |
| Enter build submenu | 16 | |
| Enter hero's abilities submenu | 15 | |
| Give item / drop item | 3 | |
| Right click | 1318 | |
| Select / deselect | 413 | |
| Select group hotkey | 493 | |
| Use ability | 71 | |
2510 total
» units
| Peon | 11 | |
| Grunt | 4 | |
| Wind Rider | 10 | |
| Raider | 5 | |
30 total
» upgrades
| Ranged Weapons | 3 | |
| Envenomed Spears | 1 | |
| Armor | 3 | |
| Ensnare | 1 | |
| Melee Weapons | 2 | |
| Reinforced Defenses | 1 | |
| Pillage | 1 | |
12 total
» buildings
| Altar of Storms | 1 | |
| Orc Burrow | 8 | |
| Barracks | 1 | |
| Stronghold | 1 | |
| War Mill | 1 | |
| Beastiary | 2 | |
| Great Hall | 1 | |
| Fortress | 1 | |
| Voodoo Lounge | 1 | |
17 total
» build order
00:08 Altar of Storms
00:21 Orc Burrow
00:39 Barracks
01:43 Orc Burrow
02:49 Stronghold
03:49 War Mill
03:55 Orc Burrow
05:11 Beastiary
05:13 Beastiary
05:26 Orc Burrow
07:16 Great Hall
07:59 Orc Burrow
08:04 Orc Burrow
10:18 Fortress
17:31 Voodoo Lounge
21:26 Orc Burrow
21:29 Orc Burrow
» items
| Healing Salve | 2 | |
| Orb of Lightning | 2 | |
| Potion of Healing | 1 | |
| Scroll of Town Portal | 2 | |
| Tiny Great Hall | 1 | |
| Lesser Clarity Potion | 1 | |
9 total
BombKorea (
teal | 73 APM | 3000 actions | 40:52)
7 Blademaster
3 Wind Walk
3 Critical Strike
1 Bladestorm
» actions
| Assign group hotkey | 100 | |
| Basic commands | 454 | |
| Build / train | 66 | |
| Enter build submenu | 71 | |
| Enter hero's abilities submenu | 7 | |
| Give item / drop item | 4 | |
| Remove unit from queue | 1 | |
| Right click | 811 | |
| Select / deselect | 330 | |
| Select group hotkey | 1013 | |
| Use ability | 143 | |
3000 total
» units
| Peon | 9 | |
| Grunt | 4 | |
| Goblin Shredder | 2 | |
| Troll Batrider | 6 | |
| Goblin Sapper | 2 | |
| Wind Rider | 4 | |
27 total
» upgrades
| Pillage | 1 | |
| Troll Regeneration | 1 | |
| Liquid Fire | 1 | |
| Ranged Weapons | 3 | |
| Reinforced Defenses | 1 | |
| Armor | 3 | |
| Spiked Barricades | 3 | |
| Envenomed Spears | 1 | |
14 total
» buildings
| Orc Burrow | 12 | |
| Altar of Storms | 1 | |
| Barracks | 2 | |
| Voodoo Lounge | 2 | |
| War Mill | 2 | |
| Stronghold | 2 | |
| Watch Tower | 52 | |
| Great Hall | 4 | |
| Beastiary | 9 | |
| Fortress | 1 | |
87 total
» build order
00:16 Orc Burrow
00:56 Altar of Storms
01:24 Barracks
01:27 Orc Burrow
01:43 Voodoo Lounge
02:12 War Mill
03:12 Stronghold
03:45 Watch Tower
03:55 Watch Tower
05:37 Great Hall
05:56 Orc Burrow
06:37 Watch Tower
06:39 Watch Tower
06:40 Watch Tower
08:00 Orc Burrow
08:08 Watch Tower
08:09 Watch Tower
08:10 Watch Tower
08:10 Watch Tower
08:57 Beastiary
08:59 Beastiary
09:33 Fortress
10:30 Beastiary
12:47 Watch Tower
12:49 Watch Tower
12:51 Watch Tower
12:55 Watch Tower
12:56 Watch Tower
14:14 Voodoo Lounge
14:25 War Mill
15:03 Watch Tower
15:58 Orc Burrow
15:59 Orc Burrow
16:00 Orc Burrow
16:02 Orc Burrow
16:02 Orc Burrow
18:20 Beastiary
18:21 Barracks
18:22 Beastiary
18:24 Beastiary
18:25 Beastiary
18:26 Beastiary
18:31 Beastiary
19:23 Great Hall
20:23 Watch Tower
20:23 Watch Tower
20:24 Watch Tower
20:25 Watch Tower
20:25 Watch Tower
20:27 Watch Tower
20:27 Watch Tower
20:28 Watch Tower
20:28 Watch Tower
20:38 Watch Tower
20:38 Watch Tower
20:40 Watch Tower
20:40 Watch Tower
20:41 Watch Tower
20:44 Watch Tower
20:56 Watch Tower
20:56 Watch Tower
20:59 Watch Tower
21:00 Watch Tower
25:37 Watch Tower
25:37 Watch Tower
25:38 Watch Tower
25:39 Watch Tower
25:40 Watch Tower
25:41 Watch Tower
25:42 Watch Tower
25:42 Watch Tower
25:43 Watch Tower
31:03 Orc Burrow
31:04 Orc Burrow
31:05 Orc Burrow
32:40 Great Hall
34:18 Great Hall
34:20 Watch Tower
34:21 Watch Tower
34:21 Watch Tower
34:22 Watch Tower
34:22 Watch Tower
34:23 Watch Tower
36:50 Stronghold
» items
| Healing Salve | 3 | |
| Potion of Mana | 2 | |
| Lesser Clarity Potion | 1 | |
| Potion of Healing | 1 | |
| Boots of Speed | 1 | |
| Orb of Lightning | 1 | |
| Periapt of Vitality | 2 | |
| Scroll of Town Portal | 1 | |
| Staff of Teleportation | 1 | |
13 total
Chat log
(00:33 / Allies) cavewars: war yads
(00:37 / All) BombKorea: I like to hack gooks up and feed them to my dogs
(00:40 / All) LINGUASVENSKA: Hur mår du, vänner?
(00:48 / All) LINGUASVENSKA: mi amices
(01:06 / All) LINGUASVENSKA: är du svenska vänner?
(01:15 / All) BombKorea: I tried eating gook once, I drenched the bastard in Frank's Red Hot
(01:19 / All) BombKorea: Didn't taste anything too pleasant
(01:30 / All) EmperorProint: FUCK THE GOOKS
(01:32 / All) LINGUASVENSKA: I thought they were an essential part of a healthy diet
(01:38 / Allies) blackenedtheend: hippo chim
(01:43 / All) LINGUASVENSKA: Is high in calcium and fibre
(01:51 / All) EmperorProint: fiber
(01:57 / All) EmperorProint: asshole europeon
(02:14 / All) LINGUASVENSKA: What's wrong? You don't like Sverige? Pedicabo tu!
(02:23 / All) EmperorProint: god damnit so much homo
(02:42 / All) LINGUASVENSKA: nej
(03:31 / Allies) LINGUASVENSKA: 100 wood please
(03:38 / Allies) LINGUASVENSKA: ty
(05:53 / All) LINGUASVENSKA: du suger
(05:56 / All) LINGUASVENSKA: tu pathice
(06:02 / All) EmperorProint: u mad euro cunt
(10:56 / All) LINGUASVENSKA: vale!
(14:40 / All) EmperorProint: D
(14:40 / All) EmperorProint: D
(14:41 / All) EmperorProint: D
(15:11 / All) blackenedtheend: idk red you are just so good
(15:14 / All) LINGUASVENSKA: pedicabo ego vos et irrumabo
(15:57 / Allies) blackenedtheend: purple did you make units besides foots?
(16:11 / Allies) vvcx: hes making birds now it looks like
(16:50 / All) EmperorProint: so beta
(17:08 / Allies) vvcx: green take yellow
(21:40 / All) LoRdOfHeNtAi: purge can remove sheeps :)
(27:51 / All) LINGUASVENSKA: you can all leave now
(28:03 / All) LINGUASVENSKA: cinaede et pathice, du suger
(28:10 / All) LINGUASVENSKA: stupidus
(28:23 / All) LINGUASVENSKA: sverige & imperium romanum victrix!
(36:56 / All) LINGUASVENSKA: bad idea mi amicus
(40:03 / All) BombKorea: THE FINAL COUNTDOWN
(40:35 / All) LINGUASVENSKA: et, två, tri
(40:41 / All) LINGUASVENSKA: fyra, fem, sex